AoeStats
← Infadel

MegaRandom

505600469Analyzed
1v1 RM · 23d ago on Sep 10, 2026· 72m 1s· 2 players
Game mode
Random Map
Map size
Tiny (2 player)
Population
200
Speed
Normal
Resources
Standard
Victory
Conquest
Starting age
Dark Age
Ending age
Imperial Age
RankedLock teamsTeams togetherTeam positionsShared explorationLock speedFull tech treeHidden civsTurbo modeCheats
Victory
Defeat
🇮🇳 Malians · India
1004
+14
🇲🇽 Saracens · Mexico
960
-14
JiKen
5:07 Loom
11:07 Feudal Age
11:32 Double-Bit Axe
15:13 Fletching
17:07 Horse Collar
22:36 Castle Age
22:24 Gold Mining
23:17 Bodkin Arrow
24:53 Town Watch
24:33 Crossbowman
26:33 Bow Saw
30:34 Wheelbarrow
31:06 Husbandry
32:33 Padded Archer Armor
38:19 Thumb Ring
39:46 Scale Barding Armor
44:40 Imperial Age
44:54 Chain Barding Armor
46:04 Bracer
47:03 Bloodlines
55:15 Light Cavalry
59:15 Arbalester
66:51 Masonry
72:41 Hoardings
Infadel
3:45 Loom
12:42 Feudal Age
17:00 Castle Age
18:28 Double-Bit Axe
26:10 Scale Mail Armor
28:53 Forging
30:05 Gold Mining
31:26 Iron Casting
40:29 Chain Mail Armor
42:02 Fletching
43:26 Bodkin Arrow
53:01 Imperial Age
51:56 Town Watch
52:38 Horse Collar
53:41 Gold Shaft Mining
54:21 Conscription
54:46 Padded Archer Armor
55:17 Plate Mail Armor
56:01 Elite Skirmisher
57:29 Wheelbarrow
62:12 Hand Cart
62:06 Elite Gbeto
Connection lost

Rejoining the realm…

Still unreachable

The connection could not be restored.

Session expired

The server has moved on; the page needs a fresh start.